 Dungeon Crawl Stone Soup version 0.13.0-59-g13bd910 (webtiles) character file.

315 Chiseanne the Ducker (level 5, 0/32 HPs)
             Began as a Kobold Monk on Nov 17, 2013.
             Slain by Grinder (1 damage)
             ... on Level 3 of the Dungeon.
             The game lasted 00:10:08 (3722 turns).

Chiseanne the Ducker (Kobold Monk)                  Turns: 3722, Time: 00:10:09

HP   0/32        AC  7     Str 11      XL: 5   Next: 63%
MP   4/4         EV  9     Int  8      God:
Gold 160         SH 17     Dex 18      Spells:  0 memorised,  4 levels left

Res.Fire  : . . .   See Invis. : .   q - +2 short sword (flame)
Res.Cold  : . . .   Warding    : .   y - +1 dwarf ring mail
Life Prot.: . . .   Conserve   : .   g - +0 shield
Res.Poison: .       Res.Corr.  : .   (no helmet)
Res.Elec. : .       Clarity    : .   (no cloak)
Sust.Abil.: . .     Spirit.Shd : .   (no gloves)
Res.Mut.  : .       Stasis     : .   z - +0 pair of boots
Res.Rott. : .       Flight     : .   (no amulet)
Saprovore : + + .                    (no ring)
                                     d - ring of flight

@: slightly resistant to hostile enchantments, fairly stealthy
A: disease resistance, carnivore 3, saprovore 2
a: Evoke Flight


You were on level 3 of the Dungeon.
You were very full.

You visited 1 branch of the dungeon, and saw 3 of its levels.

You collected 160 gold pieces.

Inventory:

Hand weapons
 h - a cursed -3,-2 orcish dagger (quivered)
 q - a +2,+2 short sword of flaming (weapon)
Armour
 g - a +0 shield (worn)
 y - a +1 dwarven ring mail (worn)
 z - a +0 pair of boots (worn)
Comestibles
 b - 2 meat rations
 i - an apple
 j - 3 bread rations
 r - 2 chokos
 s - 9 grapes
 x - a pear
Scrolls
 a - a scroll of recharging {unknown}
 c - 2 scrolls of teleportation
 m - 3 scrolls of identify {unknown}
 n - a scroll of blinking {unknown}
 o - a scroll of random uselessness {unknown}
 p - a scroll of remove curse {unknown}
 v - a scroll of fear {unknown}
 w - 3 scrolls of fog {unknown}
Jewellery
 d - a ring of flight (left hand)
Potions
 k - a potion of paralysis {unknown}
 l - a potion of brilliance
 t - a potion of resistance {unknown}
 u - a potion of blood {unknown}


   Skills:
 * Level 3.9 Fighting
 * Level 1.6 Short Blades
 * Level 5.5 Dodging
 - Level 2.6 Stealth
 * Level 1.8 Shields
 - Level 4.0 Unarmed Combat


You had 4 spell levels left.
You didn't know any spells.

Dungeon Overview and Level Annotations

Branches:
Dungeon (3/27)

Altars:
Elyvilon
Kikubaaqudgha
Yredelemnul

Annotations:
D:3 Grinder


Innate Abilities, Weirdness & Mutations

You recuperate from illness quickly.
You are small and have problems with some larger weapons.
You are carnivorous and can eat meat at any time.
You can eat rotten meat.


Message History

Grinder gestures at you.
You suddenly lose the ability to move!
Grinder hits you. Grinder gestures at you. You resist. Grinder hits you.
You writhe in agony.
Grinder hits you.
You writhe in agony.
* * * LOW HITPOINT WARNING * * *
Grinder says, "DUCK!"
Grinder gestures at you. Pain shoots through your body!
* * * LOW HITPOINT WARNING * * *
You can move again.
You hit Grinder. You burn Grinder.
Grinder is severely wounded.
You block Grinder's attack.
You hit Grinder. You burn Grinder.
Grinder is severely wounded.
Grinder hits you.
You die...

#...##.#.%.##..# .# . #
#####.##.#.[.##..### #...#####
.................... .........
#####.##....###..##############..
#####.##.....##..##....########..
...................<.......$.....
#####.##..................5......
#.#####.##..5...##### ###..[#
#.......##..@...# #...
#####...##...#### ####
#...###...# ##### #...# #%..#
#####


You could see Grinder.

Vanquished Creatures
  A scorpion (D:3)
  4 adders
  An inept item mimic (D:3)
  A worm (D:2)
  3 giant geckos
  2 oozes (D:1)
  3 ball pythons
  6 giant cockroaches
  11 hobgoblins
  8 kobolds
  2 quokkas (D:2)
  9 bats
  2 giant newts (D:1)
  7 goblins
  3 jackals (D:2)
  11 rats
74 creatures vanquished.

Vanquished Creatures (others)
  A giant newt (D:2)
1 creature vanquished.

Grand Total: 75 creatures vanquished

Notes
Turn   | Place    | Note
--------------------------------------------------------------
     0 | D:1      | Chiseanne, the Kobold Monk, began the quest for the Orb.
     0 | D:1      | Reached XP level 1. HP: 12/12 MP: 0/0
   218 | D:1      | Reached XP level 2. HP: 9/17 MP: 1/1
   843 | D:1      | Reached XP level 3. HP: 22/22 MP: 2/2
  1867 | D:2      | Reached XP level 4. HP: 25/27 MP: 3/3
  1889 | D:2      | Reached skill level 1 in Shields
  2222 | D:2      | Reached skill level 5 in Dodging
  2463 | D:2      | Reached skill level 1 in Short Blades
  3077 | D:3      | Found an ancient bone altar of Kikubaaqudgha.
  3077 | D:3      | Found a basalt altar of Yredelemnul.
  3077 | D:3      | Found a white marble altar of Elyvilon.
  3191 | D:3      | Reached XP level 5. HP: 23/32 MP: 4/4
  3680 | D:3      | Noticed Grinder
  3682 | D:3      | Paralysed by Grinder for 2 turns
  3688 | D:3      | Paralysed by Grinder for 7 turns
  3702 | D:3      | Paralysed by Grinder for 4 turns
  3715 | D:3      | Paralysed by Grinder for 6 turns
  3720 | D:3      | HP: 1/32 [Grinder/nerve-wracking pain (5)]
  3722 | D:3      | Slain by Grinder

Action                   |  1- 3 |  4- 6 || total
-------------------------+-------+-------++-------
Melee: Unarmed           |   148 |     1 ||   149
       Whip              |    14 |       ||    14
       Short sword       |       |   119 ||   119
  Use: Scroll            |     2 |     1 ||     3
       Potion            |       |     5 ||     5
 Stab: Sleeping          |     2 |       ||     2
